cohdb
Replays
Latest Replays
All Replays
Popular Replays
Top Player Replays
Match Explorer
How It Works
Community
CoH3 Stats
Reddit
Sign in to upload your games and track your stats! →
Sign in with Steam
Match 40947647
Unlisted
Match 40947647
Overview
Messages
Build Orders
End
Scout Squad
Construct Barracks
Riflemen Squad
Riflemen Squad
Grenade Package
Infantry Support Center
Riflemen Squad
Selects Heavy Weapons
Selects Assault Carriers
Construct Medical Station
Construct Motor Pool
Selects Exchangeable Parts
M8 Greyhound Armored Car
Engineer Squad
M1918 Browning Automatic Rifles
Advanced Logistics
Engineer Squad
Construct Weapon Support Center
M8 Greyhound Armored Car
M1 Anti-tank Gun Team
M1919 Machine Gun Team
M1 Anti-tank Gun Team
Survival Training
Selects M26 Pershing Heavy Tank
M26 Pershing Heavy Tank
Selects M2HB .50cal Heavy Machine Gun
M:P小夜
Hanzawilhelm Longbowman of Crécy
KevinTDW
BorzoiWitcher
0
0
Comments
sign in to comment!
No comments posted yet!